 Dungeon Crawl Stone Soup version 0.28-a0-1594-ga885d4b3d6 (webtiles) character file.

Game seed: 1551965239732821013

123 Pin the Skirmisher (level 5, -1/47 HPs)
             Began as a Hill Orc Fighter on Jan 21, 2022.
             Was a Priest of Jiyva.
             Slain by a water moccasin (2 damage)
             ... on level 3 of the Dungeon.
             The game lasted 00:05:24 (2567 turns).

Pin the Skirmisher (Hill Orc Fighter)               Turns: 2567, Time: 00:05:25

Health: -1/47      AC:  7    Str: 21    XL:     5   Next: 7%
Magic:  5/5        EV:  9    Int:  8    God:    Jiyva [***...]
Gold:   43         SH:  4    Dex: 10    Spells: 4/4 levels left

rFire   . . .      SeeInvis .   a - +0 war axe
rCold   . . .      Faith    .   c - +0 buckler
rNeg    . . .      Spirit   .   b - +0 scale mail
rPois   .          Reflect  .   (no helmet)
rElec   .          Harm     .   (no cloak)
rCorr   +          Rampage  .   (no gloves)
Will    .....                   (no boots)
Stlth   ..........              (no amulet)
HPRegen 1.27/turn               (no ring)
MPRegen 0.44/turn               (no ring)

@: lethally poisoned (-1 -> -1)
A: no striking features
a: Renounce Religion, Oozemancy


You were on level 3 of the Dungeon.
You worshipped Jiyva.
Jiyva was most pleased with you.
You visited 1 branch of the dungeon, and saw 4 of its levels.

You collected 43 gold pieces.

Inventory:

Hand Weapons
 a - a +0 war axe (weapon)
Armour
 b - a +0 scale mail (worn)
 c - a +0 buckler (worn)
Jewellery
 l - a +4 ring of evasion
Scrolls
 e - a scroll of blinking {unknown}
 g - 2 scrolls of fog {unknown}
 h - a scroll of immolation {unknown}
 i - a scroll of identify {unknown}
 k - a scroll of teleportation {unknown}
Potions
 d - a potion of might
 f - a potion of haste {unknown}
 j - 2 potions of heal wounds {unknown}


   Skills:
 + Level 4.5 Fighting
 + Level 4.0 Axes
 + Level 4.2 Armour
 + Level 4.1 Shields


You had 4 spell levels left.
You didn't know any spells.
Your spell library contained the following spells:

 Spells                   Type           Power      Damage    Failure   Level
 Freeze                   Ice            0%         1d3       83%         1
 Frozen Ramparts          Ice            0%         1d2       99%         3
 Hailstorm                Conj/Ice       0%         3d3       100%        4


Dungeon Overview and Level Annotations

Branches:
Dungeon (4/15)
 Temple: D:4-7

Altars:
Okawaru
Jiyva

Shops:
D:3 =([(!


Message History

You feel sick.
You feel sick.
You feel sick.
You are no longer poisoned.
There is an entrance to Maekli's Antique Weapon Shoppe here.
The water moccasin bites you.
* * * LOW HITPOINT WARNING * * *
You hear a distant slurping noise.
The water moccasin barely misses you. The water moccasin bites you.
The water moccasin is no longer covered in acid.
The water moccasin bites you.
You are poisoned.
The water moccasin poisons you!
You feel very sick.
You feel very sick. The water moccasin bites you.
* * * LOW HITPOINT WARNING * * *
You hit the water moccasin but do no damage.
The water moccasin is heavily wounded.
You feel sick. You block the water moccasin's attack.
The water moccasin bites you.
* * * LOW HITPOINT WARNING * * *
You hit the water moccasin.
The water moccasin is heavily wounded.
You feel very sick. The water moccasin closely misses you.
You block the water moccasin's attack.
You miss the water moccasin.
The water moccasin is heavily wounded.
You feel sick. The water moccasin barely misses you.
You slash the water moccasin!
The water moccasin is almost dead.
You feel sick. The water moccasin barely misses you.
The water moccasin bites you!
* * * LOW HITPOINT WARNING * * *
You closely miss the water moccasin.
The water moccasin is almost dead.
* * * LOW HITPOINT WARNING * * *
You feel sick. The water moccasin bites you.
You die...

######### #.......# ########
#.#####.# #......## #.# #.#
#......## #######.#####.####
#......## #>...........@S..#
#......##
#.#.....#...#.##§#####......##
#...........##.....##.........
###.....#...#..≈≈§§.##.......#
#.....#...#.≈§≈≈§.##.......#
#.....#...#.≈≈≈§≈§##.......#
##########.#...#.§§§§§.##.......#
.....#####.#####.§§§≈.§########.#
..............##≈..∩..§# #...


You could see a water moccasin.

Vanquished Creatures
  An orc wizard (D:3)
  A gnoll (D:2)
  4 adders
  7 orcs (D:3)
  2 bats
  2 giant cockroaches
  2 goblins (D:3)
  4 hobgoblins
  4 jackals (D:2)
  4 kobolds
  3 quokkas (D:1)
  6 ball pythons
  2 frilled lizards
  6 rats
48 creatures vanquished.

Vanquished Creatures (others)
  A jelly (D:3)
  2 gnolls (D:2)
  An adder (D:2)
  An orc (D:4)
  A ball python (D:1)
  A giant cockroach (D:3)
  3 goblins
  A hobgoblin (D:2)
  3 kobolds
  A quokka (D:1)
  2 bats (D:2)
  A rat (D:2)
18 creatures vanquished.

Grand Total: 66 creatures vanquished

Notes
Turn   | Place    | Note
-------+----------+-------------------------------------------
     0 | D:1      | Pin the Hill Orc Fighter began the quest for the Orb.
     0 | D:1      | Reached XP level 1. HP: 19/19 MP: 1/1
   194 | D:1      | Reached XP level 2. HP: 21/27 MP: 2/2
   305 | D:1      | Found a faded altar of an unknown god.
   318 | D:1      | Prayed at the altar of an unknown god.
   318 | D:1      | Became a worshipper of Jiyva Jugun the Shapeless
   318 | D:1      | Reached * piety under Jiyva
   872 | D:2      | Reached ** piety under Jiyva
   877 | D:2      | Reached XP level 3. HP: 27/33 MP: 3/3
  1497 | D:3      | Reached XP level 4. HP: 40/40 MP: 4/4
  1529 | D:3      | Found Arro Vot's Antique Armour Emporium.
  1816 | D:3      | Reached *** piety under Jiyva
  1833 | D:3      | Found an iron altar of Okawaru.
  1909 | D:3      | Found Uzxu's Distillery.
  1939 | D:3      | Reached XP level 5. HP: 36/47 MP: 5/5
  2101 | D:3      | Found Tathovau's Weapon Shoppe.
  2271 | D:3      | Found Maekli's Antique Weapon Shoppe.
  2339 | D:3      | Found Polan's Jewellery Emporium.
  2512 | D:4      | Noticed a water moccasin
  2566 | D:3      | HP: 1/47 [water moccasin (7)]
  2567 | D:3      | Slain by a water moccasin

Illustrated notes

Levels and vault maps discovered:
D:1:      saegor_arrival_simple_e, layout_basic, ebering_ecumenical_altar_mist
D:2:      layout_loops_ring, minmay_pentomino_w2
D:3:      layout_basic, mainiacjoe_overflow_24_doors, serial_shops,
          nicolae_shop_behind_doors, shop, nicolae_lakefront_shop, shop,
          nicolae_lakefront_shop
D:4:      layout_rooms, mainiacjoe_overflow_catwalk, kennysheep_mini,
          minmay_temple_entry_tees

Skill      XL: |  1  2  3  4 |
---------------+-------------+-----
Axes           | 3 4 |  4.0
Fighting       | 4 |  4.5
Shields        | 4 |  4.1
Armour         | 4 |  4.2

Action                   |  1- 3 |  4- 6 || total
-------------------------+-------+-------++-------
Melee: War axe           |    88 |    95 ||   183
Armor: Scale mail        |    45 |    30 ||    75
Dodge: Dodged            |    41 |    59 ||   100
Block: Buckler           |    25 |    18 ||    43

Table legend: (Time is in decaauts)
 A = Elapsed time spent in this place.
 B = Non-inter-level travel time spent in this place.
 C = Inter-level travel time spent in this place.
 D = Time resting spent in this place.
 E = Time spent auto-exploring this place.
 F = Levels seen in this place.
 G = Mean time per level.
                   A        B        C        D        E       F      G
               +--------+--------+--------+--------+--------+-----+--------+
         Total |   2633 |   2501 |    132 |    104 |   1942 |   4 |  658.2 |
       Dungeon |   2633 |   2501 |    132 |    104 |   1942 |   4 |  658.2 |
               +--------+--------+--------+--------+--------+-----+--------+

Top non-repeatable levels by time:
     D:3: 1097 daAuts
     D:1: 860 daAuts
     D:2: 663 daAuts
     D:4: 11 daAuts
